 Dungeon Crawl Stone Soup version 0.30-a0-352-g1e81539c98 (webtiles) character file.

Game seed: 17206343068806123690

1824 Bnni the Digger (level 9, -2/88 HPs)
             Began as an Octopode Earth Elementalist on Nov 7, 2022.
             Was an Initiate of Gozag.
             Shot with an arrow by a centaur (5 damage)
             ... on level 6 of the Dungeon.
             The game lasted 00:16:01 (6309 turns).

Bnni the Digger (Octopode Earth Elementalist)       Turns: 6309, Time: 00:16:02

Health: -2/88      AC:  1    Str:  7    XL:     9   Next: 11%
Magic:  16/16      EV: 13    Int: 22    God:    Gozag
Gold:   145        SH:  0    Dex: 12    Spells: 7/17 levels left

rFire   . . .      SeeInvis .    v - +2 dagger (elec)
rCold   . . .      Faith    .    (no shield)
rNeg    . . .      Spirit   .    (helmet restricted)
rPois   +          Reflect  .    (no amulet)
rElec   .          Harm     .    c - ring of poison resistance
rCorr   .          Rampage  .    j - ring of flight
Will    .....                    (no ring)
Stlth   ..........               (no ring)
HPRegen 0.34/turn                (no ring)
MPRegen 0.15/turn                (no ring)
                                 (no ring)
                                 (no ring)

@: brilliant, berserking, gold aura, flying, very quick
A: almost no armour, amphibious, 8 rings, camouflage 1, gelatinous body 1,
(nimble swimmer 1), tentacles
a: Renounce Religion, Potion Petition, Call Merchant, Bribe Branch


You were on level 6 of the Dungeon.
You worshipped Gozag.
Gozag was aware of your devotion.
You visited 1 branch of the dungeon, and saw 6 of its levels.

You collected 572 gold pieces.
You paid 427 gold pieces to Gozag.

Inventory:

Hand Weapons
 m - a +0 sling
 v - a +2 dagger of electrocution (weapon)
Jewellery
 c - a ring of poison resistance (left tentacle)
 j - a ring of flight (right tentacle)
Wands
 d - a wand of flame (28)
 p - a wand of digging (4)
Scrolls
 e - 2 scrolls of noise {unknown}
 f - 2 scrolls of magic mapping {unknown}
 g - 2 scrolls of poison {unknown}
 i - 2 scrolls of teleportation
 k - 3 scrolls of identify {unknown}
 l - 2 scrolls of silence {unknown}
 o - a scroll of blinking {unknown}
 q - 2 scrolls of enchant weapon {unknown}
 t - a scroll of fog {unknown}
Potions
 a - a potion of magic
 b - a potion of might {unknown}
 h - 2 potions of berserk rage
 n - a potion of resistance {unknown}
 r - a potion of degeneration {unknown}
 s - 2 potions of flight {unknown}
 u - a potion of haste {unknown}
 w - a potion of attraction {unknown}


   Skills:
 + Level 4.7 Fighting
 * Level 2.7 Short Blades
 - Level 2.0 Dodging
 + Level 4.3 Stealth
 + Level 4.9 Spellcasting
 - Level 4.0 Conjurations
 + Level 3.0 Transmutations
 - Level 7.0 Earth Magic


You had 7 spell levels left.
You knew the following spells:

 Your Spells              Type           Power      Damage    Failure   Level
a - Sandblast             Erth           100%       2d20      1%          1
b - Stone Arrow           Conj/Erth      88%        3d12      3%          3
c - Petrify               Tmut/Erth      41%        N/A       13%         4
d - Passwall              Tmut/Erth      34%        N/A       1%          2

Your spell library contained the following spells:

 Spells                   Type           Power      Damage    Failure   Level
 Gell's Gravitas          Tloc           8%         N/A       30%         3
 Portal Projectile        Hex/Tloc       16%        N/A       30%         3
 Teleport Other           Tloc           8%         N/A       30%         3
 Tukima's Dance           Hex            8%         N/A       30%         3
 Blade Hands              Tmut           14%        N/A       63%         5
 Dispersal                Tloc           4%         N/A       100%        6


Dungeon Overview and Level Annotations

Branches:
Dungeon (6/15)
 Temple: D:4-7

Altars:
Dithmenos
Fedhas
Gozag
Kikubaaqudgha
Okawaru
Qazlal
Vehumet


Innate Abilities, Weirdness & Mutations

You cannot wear most types of armour.
You are amphibious.
You can wear up to eight rings at the same time.
Your skin changes colour to match your surroundings (Stealth+).
Your rubbery body absorbs attacks. (AC +1, EV +1)
((You are camouflaged when in or above water. (Stealth+)))
You have tentacles for arms and can constrict up to eight enemies at once.


Message History

The blast of sand hits the orc!
You kill the orc!
The centaur shoots an arrow.
The arrow hits you!
* * * LOW HITPOINT WARNING * * *
The orc closely misses you.
Aiming: Sandblast (safe; 1% risk of failure)
Press: ? - help, Q - select action, (/) - cycle Shift-Dir - straight line, f/p - centaur
Aim: a centaur, wielding a +0 shortbow (severely wounded, 90% to hit)
The blast of sand hits the orc!
You kill the orc!
The centaur shoots an arrow.
The arrow hits you!
* * * LOW HITPOINT WARNING * * *
Okay, then. [a] - 270 gold - resistance [b] - 312 gold - brilliance and magic [c] - 250 gold - resistance Purchase which effect?
You no longer have enough gold to petition Gozag for potion effects.
You feel clever all of a sudden. Magic courses through your body.
An orc comes into view. It is wielding a +0 club.
The orc hits you with a +0 whip.
* * * LOW HITPOINT WARNING * * *
It was a potion of berserk rage.
A red film seems to cover your vision as you go berserk!
You feel yourself moving faster!
You feel mighty!
The orc is distracted by your dazzling golden aura.
The orc hits you with a +0 whip!
* * * LOW HITPOINT WARNING * * *
Okay, then.
The orc shouts!
You puncture the orc!
You kill the orc!
The orc is no longer distracted by gold.
The centaur shoots an arrow.
The arrow hits you but does no damage.
You puncture the orc! Lightning courses through the orc!
You kill the orc!
The centaur shoots an arrow.
The arrow hits you.
You die...
Your body crumbles into a pile of gold.

#...#.#<# ....
###.....# .....
###...### .....
#.......# ......
#.......########o.....
#........##....o......
#........##......o....
###.#.......o###.....o
#.#.......c$@# ...o.
..+........### .[o.
##.#........... ...
#.......#.... ##
.........###.#
..........# =..
..........# #. .......
..


You could see a centaur and an orc.

Vanquished Creatures
  Sigmund (D:2)
  Eustachio (D:4)
  The ghost of Westside the Shield-Bearer, an amateur MiFi (D:4)
  Edmund (D:4)
  A black bear (D:6)
  A centaur (D:4)
  2 ogres
  A phantom (D:6)
  A gnoll sergeant (D:5)
  A necrophage (D:5)
  A scorpion (D:5)
  A wight (D:4)
  2 hounds
  A jelly (D:5)
  Crazy Yiuf (D:4)
  2 iguanas (D:4)
  5 gnolls
  9 adders
  A shadow imp (D:5)
  A dart slug (D:3)
  19 orcs
  7 bats
  9 endoplasms
  A giant cockroach (D:2)
  7 goblins
  7 hobgoblins
  7 jackals
  11 kobolds
  4 quokkas
  11 ball pythons
  5 frilled lizards
  7 rats
130 creatures vanquished.

Vanquished Creatures (collateral kills)
  Grinder (D:3)
1 creature vanquished.

Vanquished Creatures (others)
  An orc wizard (D:4)
  4 plants (D:1)
5 creatures vanquished.

Grand Total: 136 creatures vanquished

Notes
Turn   | Place    | Note
-------+----------+-------------------------------------------
     0 | D:1      | Bnni the Octopode Earth Elementalist began the quest for
                  | the Orb.
     0 | D:1      | Reached XP level 1. HP: 11/11 MP: 3/3
    82 | D:1      | Reached XP level 2. HP: 18/18 MP: 3/5
   298 | D:1      | Reached skill level 1 in Fighting
   375 | D:1      | Reached XP level 3. HP: 23/23 MP: 4/6
   464 | D:1      | Learned a level 3 spell: Stone Arrow
  1024 | D:2      | Reached XP level 4. HP: 28/28 MP: 4/7
  1168 | D:2      | Reached skill level 4 in Earth Magic
  1281 | D:2      | Found a faded altar of an unknown god.
  1348 | D:2      | Learned a level 4 spell: Petrify
  1454 | D:2      | Noticed Sigmund
  2046 | D:3      | Reached skill level 1 in Conjurations
  2333 | D:3      | Reached XP level 5. HP: 5/34 MP: 9/9
  2483 | D:3      | Noticed Grinder
  2485 | D:3      | Paralysed by Grinder for 4 turns
  2936 | D:3      | Killed Grinder
  2937 | D:3      | Reached skill level 5 in Earth Magic
  2937 | D:3      | Reached XP level 6. HP: 36/41 MP: 7/10
  2940 | D:3      | Learned a level 2 spell: Passwall
  3016 | D:2      | Killed Sigmund
  3017 | D:2      | Reached XP level 7. HP: 30/46 MP: 1/12
  3366 | D:4      | Found a blossoming altar of Fedhas.
  3505 | D:4      | Found an ancient bone altar of Kikubaaqudgha.
  3570 | D:4      | Found a stormy altar of Qazlal.
  3655 | D:4      | Found a runed translucent gate.
  3656 | D:4      | Found a runed translucent gate.
  3656 | D:4      | Found an opulent altar of Gozag.
  3657 | D:4      | Found a runed translucent gate.
  3658 | D:4      | Noticed Westside's ghost (amateur MiFi)
  3785 | D:4      | Killed Westside's ghost
  3786 | D:4      | Reached skill level 6 in Earth Magic
  3986 | D:4      | Noticed Eustachio
  4018 | D:4      | Killed Eustachio
  4111 | D:4      | Reached XP level 8. HP: 25/54 MP: 7/14
  4291 | D:4      | Noticed Edmund
  4321 | D:4      | Killed Edmund
  4322 | D:4      | Reached skill level 1 in Short Blades
  4662 | D:4      | Found an iron altar of Okawaru.
  4718 | D:4      | Found an opulent altar of Gozag.
  4722 | D:4      | Became a worshipper of Gozag Ym Sagoz the Greedy
  4897 | D:4      | Found a runed translucent door.
  4898 | D:4      | Noticed Crazy Yiuf
  4912 | D:4      | Killed Crazy Yiuf
  5175 | D:5      | Entered Level 5 of the Dungeon
  5547 | D:5      | Reached skill level 7 in Earth Magic
  5931 | D:5      | Found a shadowy altar of Dithmenos.
  6075 | D:6      | Reached XP level 9. HP: 47/59 MP: 11/16
  6291 | D:6      | Found a radiant altar of Vehumet.
  6307 | D:6      | HP: 3/88 [orc/+0 whip (7)]
  6309 | D:6      | Shot with an arrow by a centaur

Illustrated notes

Levels and vault maps discovered:
D:1:      tarquinn_simple_flora_water_c, layout_basic, minmay_pentomino_t2
D:2:      layout_basic, basic_ecumenical_altar, uniq_sigmund
D:3:      layout_basic, minivault_4, solitary_fountain, uniq_grinder
D:4:      nicolae_BIG_FREAKIN_CUBE, layout_layer_cave, okawaru_gym_becter,
          mainiacjoe_overflow_small_starburst, lemuel_coloured_pillars_altar,
          kiku_gazebo_pond_becter, marbit_many_paths, ebering_ghost_gozag,
          hangedman_glass_garden, uniq_eustachio, uniq_crazy_yiuf_cottage,
          uniq_edmund
D:5:      layout_basic, overflow_temple_1_default
D:6:      layout_basic, kennysheep_mini_moat, serial_bayou_crossing

Skill      XL: |  1  2  3  4  5  6  7  8  9 |
---------------+----------------------------+-----
Fighting       | 1 2 3 4 |  4.7
Earth Magic    | 4 5 6 7 |  7.0
Conjurations   | 1 2 3 4 |  4.0
Spellcasting   | 3 4 |  4.9
Short Blades   | 2 |  2.7
Transmutations | 2 3 |  3.0
Stealth        | 4 |  4.3
Dodging        | |  2.0

Action                   |  1- 3 |  4- 6 |  7- 9 || total
-------------------------+-------+-------+-------++-------
Melee: Unarmed           |     9 |       |       ||     9
       Constrict         |     9 |    13 |    19 ||    41
       Tentacles         |     8 |     9 |    26 ||    43
       Dagger            |    22 |    50 |    73 ||   145
       Punch             |     1 |       |       ||     1
       Whip              |       |     3 |    19 ||    22
 Fire: Sling             |       |    70 |     2 ||    72
 Cast: Sandblast         |    27 |    12 |    41 ||    80
       Stone Arrow       |       |     2 |     9 ||    11
       Passwall          |       |     1 |     1 ||     2
       Petrify           |       |       |     6 ||     6
Invok: Potion Petition   |       |       |     1 ||     1
  Use: Scroll            |       |     4 |     1 ||     5
       Potion            |       |       |     1 ||     1
 Stab: Sleeping          |     7 |     3 |     8 ||    18
       Petrified         |       |       |    16 ||    16
Armor: Skin              |     5 |    14 |     6 ||    25
Dodge: Dodged            |    29 |    90 |    50 ||   169

Table legend: (Time is in decaauts)
 A = Elapsed time spent in this place.
 B = Non-inter-level travel time spent in this place.
 C = Inter-level travel time spent in this place.
 D = Time resting spent in this place.
 E = Time spent auto-exploring this place.
 F = Levels seen in this place.
 G = Mean time per level.
                   A        B        C        D        E       F      G
               +--------+--------+--------+--------+--------+-----+--------+
         Total |   6371 |   5781 |    590 |    191 |   4506 |   6 | 1061.8 |
       Dungeon |   6371 |   5781 |    590 |    191 |   4506 |   6 | 1061.8 |
               +--------+--------+--------+--------+--------+-----+--------+

Top non-repeatable levels by time:
     D:4: 1953 daAuts
     D:2: 1459 daAuts
     D:1: 974 daAuts
     D:3: 873 daAuts
     D:5: 855 daAuts
     D:6: 253 daAuts
